 Dungeon Crawl Stone Soup version 0.20.1-1-g8b1a95d (webtiles) character file.

44 Linguinho the Chucker (level 3, 0/35 HPs)
             Began as a Troll Hunter on Nov 14, 2017.
             Was an Initiate of Cheibriados.
             Slain by a rat (1 damage)
             ... on level 2 of the Dungeon.
             The game lasted 00:02:20 (1161 turns).

Linguinho the Chucker (Troll Hunter)                Turns: 1161, Time: 00:02:21

Health: 0/35       AC:  5    Str: 19 (22) XL:     3   Next: 41%
Magic:  2/2        EV: 10    Int:  7 (8)  God:    Cheibriados [......]
Gold:   57         SH:  0    Dex:  9 (11) Spells: 2/2 levels left

rFire    . . .     SeeInvis .     - Unarmed
rCold    . . .     Gourm    +   (no shield)
rNeg     . . .     Faith    .   b - +0 robe
rPois    .         Spirit   .   (helmet restricted)
rElec    .         Reflect  .   (no cloak)
rCorr    .         Harm     .   (gloves unavailable)
MR       .....                  (boots unavailable)
Stlth    +.........             (no amulet)
Regen    0.6/turn               (no ring)
MPRegen  0.1/turn               (no ring)

@: lethally poisoned (0 -> -9), very slow
A: unfitting armour, claws 3, fast metabolism 3, gourmand, regeneration 1,
shaggy fur 1, tough skin 2
a: Bend Time, Renounce Religion


You were on level 2 of the Dungeon.
You worshipped Cheibriados.
Cheibriados was noncommittal.
You were full.

You visited 1 branch of the dungeon, and saw 2 of its levels.

You collected 57 gold pieces.

Inventory:

Missiles
 c - 5 large rocks (quivered)
 d - 2 throwing nets
Armour
 b - a +0 robe (worn)
Jewellery
 m - an uncursed ring of protection from magic {unknown}
Scrolls
 a - a scroll of recharging {unknown}
 e - 2 scrolls of teleportation {unknown}
 h - a scroll of magic mapping {unknown}
 j - 2 scrolls of identify {unknown}
 k - a scroll of enchant weapon {unknown}
 l - a scroll of blinking {unknown}
 n - a scroll of remove curse {unknown}
Potions
 g - a potion of haste {unknown}
Comestibles
 f - 2 bread rations
 i - 2 meat rations


   Skills:
 + Level 1.7 Fighting
 * Level 4.4 Throwing
 + Level 1.6 Dodging
 - Level 0.3 Stealth
 + Level 1.1 Unarmed Combat
 * Level 0.3 Invocations


You had 2 spell levels left.
You didn't know any spells.

Dungeon Overview and Level Annotations

Branches:
Dungeon (2/15)

Altars:
Ashenzari
Cheibriados

Annotations:
D:2 Robin, Sigmund


Innate Abilities, Weirdness & Mutations

You are too large for most types of armour.
You have claws for hands.
Your metabolism is lightning-fast.
You like to eat raw meat.
Your natural rate of healing is unusually fast.
You are covered in fur. (AC +1)
You have very tough skin. (AC +2)


Message History

You barely miss Sigmund.
Sigmund is almost dead.
* * * LOW HITPOINT WARNING * * *
You feel sick. The goblin misses you. The goblin hits you but does no damage.
The goblin barely misses you. The rat bites you but does no damage.
A goblin comes into view. It is wielding a dagger.
Unknown command.
It was a potion of degeneration.
There was something very wrong with that liquid.
You feel weakened.
You feel dopey.
You feel clumsy.
* * * LOW HITPOINT WARNING * * *
You feel sick.
The goblin shouts!
The goblin hits you with a club.
* * * LOW HITPOINT WARNING * * *
Sigmund points at you and mumbles some strange words.
You resist with significant effort. The goblin hits you with a dagger.
* * * LOW HITPOINT WARNING * * *
The rat bites you.
You die...

.##.##.###..##.............
. #.##.# #..##..##...###.##
.. ... ...##..##...# #
##..............#...###.#
....####.##.#.........# g
..##........#### ...
#.####......###. ....
###.####gg........ ....
......g.@@#...###$ .#
##.g.ggr.....# .#
#.####.#....# # #........
###...##.# r..# .# .>... .
... .##


You could see Sigmund, Robin, a hobgoblin, 4 goblins and a rat.

Vanquished Creatures
  An adder (D:2)
  2 dart slugs
  2 leopard geckos (D:1)
  5 bats
  A giant cockroach (D:1)
  3 goblins (D:1)
  2 hobgoblins (D:2)
  2 jackals (D:2)
  A ball python (D:1)
  5 frilled lizards
  4 kobolds
  3 rats
31 creatures vanquished.

Notes
Turn   | Place    | Note
-------+----------+-------------------------------------------
     0 | D:1      | Linguinho the Troll Hunter began the quest for the Orb.
     0 | D:1      | Reached XP level 1. HP: 19/19 MP: 0/0
   239 | D:1      | Reached XP level 2. HP: 28/28 MP: 1/1
   348 | D:1      | Reached skill level 4 in Throwing
   906 | D:2      | Found a shattered altar of Ashenzari.
   924 | D:2      | Found a snail-covered altar of Cheibriados.
  1015 | D:2      | Became a worshipper of Cheibriados the Contemplative
  1082 | D:2      | Reached XP level 3. HP: 26/35 MP: 2/2
  1085 | D:2      | Reached skill level 1 in Unarmed Combat
  1144 | D:2      | Noticed Sigmund
  1156 | D:2      | Noticed Robin
  1161 | D:2      | HP: 1/35 [goblin/dagger[Robin] (1)]
  1161 | D:2      | Slain by a rat

Skill      XL: |  1  2  3 |
---------------+----------+-----
Throwing       | 4 |  4.4
Unarmed Combat | 1 |  1.1
Fighting       | |  1.7
Dodging        | |  1.6
Stealth        | |  0.3
Invocations    | |  0.3

Action                   || total
-------------------------++-------
Melee: Unarmed           ||   100
  Use: Potion            ||     1
 Stab: Sleeping          ||     1
  Eat: Chunk             ||    14
Armor: Robe              ||    52
Dodge: Dodged            ||    61
